 Dungeon Crawl Stone Soup version 0.31.0-11-ge490571c62 (webtiles) character file.

Game seed: 13224673999918489270

128 Flugkiller the Trooper (level 4, -1/42 HPs)
             Began as a Minotaur Fighter on Jan 28, 2024.
             Was an Initiate of Ru.
             Killed by nerve-wracking pain
             ... invoked by an orc priest
              (12 damage)
             ... on level 3 of the Dungeon.
             The game lasted 00:00:47 (1988 turns).

Flugkiller the Trooper (Minotaur Fighter)           Turns: 1988, Time: 00:00:48

Health: -1/42      AC:  7    Str: 28    XL:     4   Next: 87%
Magic:  3/3        EV:  9    Int:  5    God:    Ru [......]
Gold:   137        SH:  4    Dex: 10    Spells: 3/3 levels left

rFire   . . .        a - +0 war axe
rCold   + . .        h - +0 buckler
rNeg    . . .        b - +0 scale mail
rPois   .            (helmet restricted)
rElec   .            (no cloak)
rCorr   .            (no gloves)
SInv    .            (no boots)
Will    .....        (no amulet) Stlth
                     s - +6 ring of strength
HPRegen 0.27/turn    c - ring of protection from cold
MPRegen 0.08/turn

%: no passive effects
@: no status effects
A: horns 2, retaliatory headbutt, no forms
a: Renounce Religion


You were on level 3 of the Dungeon.
You worshipped Ru.
Ru was noncommittal.
You visited 1 branch of the dungeon, and saw 3 of its levels.

You collected 137 gold pieces.

Inventory:

Hand Weapons
 a - a +0 war axe (weapon)
Missiles
 m - a throwing net (quivered)
Armour
 b - a +0 scale mail (worn)
 h - a +0 buckler (worn)
Jewellery
 c - a ring of protection from cold (right hand)
   (You found it on level 2 of the Dungeon)
 i - a ring of see invisible
   (You found it on level 3 of the Dungeon)
 s - a +6 ring of strength (left hand)
   (You found it on level 2 of the Dungeon)
Scrolls
 e - 3 scrolls of teleportation {unknown}
 f - a scroll of amnesia {unknown}
 j - a scroll of fog {unknown}
 n - a scroll of revelation {unknown}
 o - 2 scrolls of poison {unknown}
 p - a scroll of enchant armour {unknown}
 r - a scroll of identify {unknown}
Potions
 d - 2 potions of might
 g - a potion of curing {unknown}
 k - 2 potions of brilliance {unknown}
 l - a potion of degeneration {unknown}
 q - a potion of attraction {unknown}


   Skills:
 * Level 5.0 Fighting
 * Level 4.1 Axes
 + Level 4.2 Armour
 + Level 4.2 Shields


You had 3 spell levels left.
You didn't know any spells.
Your spell library contained the following spells:

 Spells                   Type           Power      Damage    Failure   Level
 Mercury Vapours          Alch/Air       0%         N/A       89%         2
 Momentum Strike          Conj/Tloc      0%         3d8       89%         2
 Dazzling Flash           Conj/Hex       0%         N/A       98%         3
 Hailstorm                Conj/Ice       0%         3d5       98%         3
 Mephitic Cloud           Conj/Alch/Air  0%         N/A       98%         3
 Freezing Cloud           Conj/Ice/Air   0%         6-21      100%        5


Dungeon Overview and Level Annotations

Branches:
Dungeon (3/15)

Altars:
Gozag
Ru
Xom


Innate Abilities, Weirdness & Mutations

You have a pair of horns on your head.
You reflexively headbutt those who attack you in melee.
You cannot voluntarily change form.


Message History

A kobold comes into view. It is wielding a +0 dagger.
There is a stone staircase leading down here.
A kobold is nearby!
The kobold throws a stone.
You block the stone. The kobold hits you but does no damage.
You slash the kobold!
You kill the kobold!
No target in view!
No target in view!
No target in view!
No target in view!
i - a ring of see invisible;
s - a +6 ring of strength (left hand) No target in view!
Found an opulent altar of Gozag.
Things that are here:
a +0 dagger; a stone; a kobold corpse A bat comes into view.
A bat is nearby!
The bat hits you but does no damage. The bat hits you.
You hit the bat. Your headbutt misses the bat.
The bat is heavily wounded.
The bat hits you but does no damage. The bat completely misses you.
You block the bat's attack.
You hit the bat.
The bat is severely wounded.
The bat barely misses you. You furiously retaliate!
You headbutt the bat!
You kill the bat!
No target in view!
No target in view!
No target in view!
e - 3 scrolls labelled ROJUANN QEMAXE (gained 1)
You see here a bat corpse.
Terence the Incautious comes into view.
He is wielding a +0 flail.
Terence shouts!
Terence screams, "I want your blood!"
Terence is nearby!
Terence is nearby!
Terence hits you with a +0 flail.
You barely miss Terence. Terence hits you but does no damage.
You hit Terence but do no damage. You block Terence's attack.
Terence hits you with a +0 flail!
You slash Terence! You headbutt Terence, but do no damage.
Terence is heavily wounded.
Terence hits you but does no damage.
You hit Terence but do no damage.
Terence is heavily wounded.
Terence hits you with a +0 flail.
You hit Terence.
Terence is severely wounded.
Terence hits you with a +0 flail. x2
You closely miss Terence. You headbutt Terence.
Terence is almost dead.
Terence hits you but does no damage.
You slash Terence!
You kill Terence!
Things that are here:
a +0 flail; a +0 scale mail; the human corpse of Terence No target in view!
Things that are here:
a +0 flail; a +0 scale mail; the human corpse of Terence
Things that are here:
a +0 whip; 2 stones
There is an open door here. 2 orc priests come into view.
There are monsters nearby!
There are monsters nearby!
There are monsters nearby!
An orc comes into view. It is wielding a +0 short sword.
The orc shouts!
The orc priest hits you with a +0 hand axe.
You slash the orc priest!
You kill the orc priest!
You barely miss the orc priest. You block the orc priest's attack.
Your Fighting skill increases to level 5!
Your Axes skill increases to level 4!
You slash the orc!
You kill the orc!
The orc priest calls down the wrath of Beogh upon you.
Beogh smites you!
The orc priest hits you with a +0 hand axe.
You see here a +0 short sword.
You completely miss the orc priest. You block the orc priest's attack.
You hit the orc priest.
The orc priest is lightly wounded.
You block the orc priest's attack. x2
You closely miss the orc priest. Your headbutt misses the orc priest.
The orc priest is lightly wounded.
You block the orc priest's attack.
You closely miss the orc priest.
The orc priest is lightly wounded.
The orc priest invokes the aid of Beogh against you.
Beogh smites you!
* * * LOW HITPOINT WARNING * * *
You are too injured to fight recklessly!
You slash the orc priest!
The orc priest is almost dead.
The orc priest invokes the aid of Beogh against you.
Pain shoots through your body!
You die...

#### ##.#### ####.#
#.....#.##
...####....#
#.###.#.#.#...
.÷.+.......#
#.......#...##
...######..#
######..##....
..)..#.....#
#....#†...
####.#.....#######
#.#.....## #
#.......'.....#
#.......##
###.....#####.##
###.###..#
#.....##..)@.#
#.......
#.....##...o.#
#..###.#
#.....##.....#
######......#
########......
...##.###..#
#.....#####.##.###..#
#.....#.............#
#######+##[##.[.###..
#......##...#####
#......####..####


You could see an orc priest.

Vanquished Creatures
  An orc priest (D:3)
  Terence (D:3)
  3 adders
  A ribbon worm (D:2)
  An orc (D:3)
  4 endoplasms
  2 giant cockroaches (D:3)
  3 hobgoblins
  5 jackals
  4 kobolds
  3 quokkas
  3 ball pythons
  5 bats
  3 frilled lizards
  4 rats
43 creatures vanquished.

Notes
Turn   | Place    | Note
-------+----------+-------------------------------------------
     0 | D:1      | Flugkiller the Minotaur Fighter began the quest for the
                  | Orb.
     0 | D:1      | Reached XP level 1. HP: 19/19 MP: 0/0
    32 | D:1      | Found a faded altar of an unknown god.
    88 | D:1      | Prayed at the altar of an unknown god.
    88 | D:1      | Became a worshipper of Ru the Awakened
    97 | D:1      | Gained mutation: You cannot voluntarily change form. [Ru
                  | sacrifice]
   133 | D:1      | Got the Cyclopedia of the Discharge
   175 | D:1      | Reached XP level 2. HP: 27/27 MP: 1/1
   672 | D:2      | Reached skill level 4 in Fighting
  1021 | D:2      | Reached XP level 3. HP: 33/33 MP: 2/2
  1678 | D:3      | Found a shimmering altar of Xom.
  1710 | D:3      | Reached XP level 4. HP: 39/41 MP: 3/3
  1767 | D:3      | Found an opulent altar of Gozag.
  1847 | D:3      | Noticed Terence
  1856 | D:3      | Killed Terence
  1982 | D:3      | Reached skill level 5 in Fighting
  1988 | D:3      | Killed from afar by an orc priest

Illustrated notes

Levels and vault maps discovered:
D:1:      dpeg_arrival_simpleton_b, layout_basic,
          shapermc_ecumenical_altar_venn, dreamdust_mushroom_princess,
          minmay_octomino_j4
D:2:      layout_loops_cross
D:3:      layout_basic, mainiacjoe_overflow_catch_the_wave, uniq_terence

Skill      XL: |  1  2  3  4 |
---------------+-------------+-----
Fighting       | 4 5 |  5.0
Axes           | 3 4 |  4.1
Armour         | 4 |  4.2
Shields        | 4 |  4.2

Action                     |  1- 3 |  4- 6 || total
---------------------------+-------+-------++-------
  Melee: War axe           |    70 |    19 ||    89
         Headbutt          |    10 |     3 ||    13
 Invoke: Sacrifice Forms   |     1 |       ||     1
 Armour: Scale mail        |    38 |    15 ||    53
  Dodge: Dodged            |    43 |     5 ||    48
  Block: Buckler           |    17 |     8 ||    25
